Map: Kairos Junction LE

Players

Odin - Winner!

  • Race: Protoss Protoss
  • League: Gold
  • Spawn Location: 11:00

Killerpanda

  • Race: Terran Terran
  • League: Diamond
  • Spawn Location: 5:00

VOD

Have the link to the VOD?

Description

Time

  • Played on: Dec. 16, 2018, 8:50 a.m.
  • Length: 7:25
Show
View Real Time Build Order
Export as new Build Order

Odin Protoss - Winner!

Build Orders: Cannon Rush 

Get SALT Encoding   

  12  0:03  Probe  
  13  0:16  Probe  
  14  0:24  Probe  
  14  0:25  Pylon  
  15  0:44  Forge  
  15  0:45  Probe  
  16  0:59  Assimilator  
  16  1:09  Pylon  
  16  1:11  Pylon  
  16  1:12  Pylon  
  16  1:27  Photon Cannon  
  16  1:38  Photon Cannon  
  16  1:43  Photon Cannon  
  16  1:55  Photon Cannon  
  16  2:02  Photon Cannon  
  16  2:09  Photon Cannon  
  16  2:17  Pylon  
  16  2:29  Photon Cannon  
  16  2:41  Photon Cannon  
  16  2:42  Probe  
  17  2:56  Gateway  
  17  3:08  Pylon  
  17  3:16  Probe  
  17  3:23  Assimilator  
  17  3:24  Probe  
  17  3:27  Assimilator  
  17  3:32  Probe  
  19  3:41  Probe  
  20  3:49  Cybernetics Core  
  20  3:55  Probe  
  21  4:26  Probe  
  21  4:30  Stargate  
  22  4:33  Warp Gate  
  22  4:42  Gateway  
  22  4:44  Probe  
  23  4:56  Probe  
  23  4:57  Photon Cannon  
  24  5:00  Gateway  
  24  5:04  Stalker  
  26  5:08  Probe  
  27  5:16  Oracle  
  30  5:29  Stalker  
  32  5:48  Stalker x2  
  36  5:54  Pylon  
  36  6:20  Oracle, Stalker  
  41  6:43  Robotics Facility  
  41  7:05  Nexus  
Show
View Real Time Build Order
Export as new Build Order

Killerpanda Terran 

Build Orders:  

Get SALT Encoding   

  12  0:01  SCV  
  13  0:13  SCV  
  14  0:19  Supply Depot  
  14  0:25  SCV  
  15  0:42  Barracks  
  15  0:43  SCV  
  15  0:46  Refinery  
  16  0:57  SCV  
  17  1:09  SCV  
  18  1:29  Marine, Barracks  
  18  1:31  Supply Depot  
  19  1:58  Marine  
  17  2:16  Marine  
  17  2:18  Marine  
  11  3:18  Orbital Command  
  9  3:39  Marine  
  8  3:45  Marine  
  9  3:51  SCV  
  10  4:01  Marine  
  11  4:07  Marine  
  12  4:11  SCV  
  13  4:23  Marine  
  14  4:30  SCV  
  15  4:52  Command Center  
  15  5:05  Supply Depot  
  15  5:26  SCV  
  15  5:28  Marine  
  17  5:34  Marine  
  18  5:39  SCV  
  18  5:50  Marine  
  18  5:51  SCV  
  18  5:53  Barracks Tech Lab  
  20  5:57  Refinery  
  20  6:03  SCV  
  16  6:15  SCV  
  17  6:27  SCV  
  18  6:33  Orbital Command  
  18  6:39  SCV  
  19  6:51  SCV  
  20  6:56  Marine  
  20  6:57  Marine  
  22  7:03  SCV  
  23  7:09  SCV  
Tags
 
Add a new tag
Caveats
  • Supply blocks, unpowered buildings, or Contaminate may cause inaccurate times.
  • Supply counts are checked every 10 seconds.